Map: Ruins of Seras

Players

NYK - Winner!

  • Race: Zerg Zerg
  • League: Grandmaster

HuShang

  • Race: Protoss Protoss
  • League: Grandmaster

VOD

Have the link to the VOD?

Description

Lurker Ling Hydra Timing

Time

  • Played on: March 15, 2016, 8:10 p.m.
  • Length: 10:47
Show
View Real Time Build Order
Export as new Build Order

NYK Zerg - Winner!

Build Orders: Hatch First, Lurkers 

Get SALT Encoding   

  12  0:01  Drone  
  13  0:11  Drone  
  14  0:21  Extractor  
  14  0:22  Extractor  
  14  0:23  Drone x2  
  16  0:28  Overlord  
  16  0:51  Hatchery  
  16  0:53  Drone  
  16  0:57  Drone  
  17  1:09  Extractor  
  16  1:14  Spawning Pool  
  16  1:17  Drone  
  16  1:20  Drone  
  16  1:25  Drone  
  19  1:32  Drone  
  19  1:39  Overlord  
  19  2:01  Queen  
  19  2:03  Queen  
  19  2:04  Zergling x2  
  24  2:08  Metabolic Boost  
  24  2:13  Drone  
  24  2:14  Drone  
  26  2:17  Drone  
  26  2:22  Drone  
  28  2:26  Drone  
  28  2:27  Drone  
  30  2:37  Drone  
  30  2:38  Drone  
  32  2:56  Zergling x2  
  32  2:57  Zergling x4, Hatchery  
  33  3:06  Zergling x2  
  33  3:10  Drone  
  33  3:11  Overlord  
  35  3:14  Lair  
  35  3:20  Overlord  
  35  3:21  Drone  
  36  3:29  Drone x2  
  36  3:30  Drone x2  
  39  3:36  Drone x2  
  41  3:42  Drone x3  
  41  3:44  Drone  
  45  3:53  Extractor  
  45  3:54  Extractor, Overlord  
  43  4:01  Drone x2  
  43  4:02  Drone x3  
  48  4:09  Queen  
  50  4:13  Overlord  
  50  4:14  Drone x2  
  50  4:15  Drone  
  53  4:24  Evolution Chamber, Hydralisk Den  
  52  4:28  Overlord  
  52  4:29  Drone x2  
  52  4:30  Extractor  
  52  4:32  Drone  
  52  4:36  Spore Crawler  
  52  4:39  Spore Crawler  
  52  4:40  Spore Crawler  
  51  4:45  Drone x2  
  51  4:46  Drone x2  
  54  4:53  Muscular Augments  
  54  4:57  Zerg Missile Weapons Level 1  
  54  5:04  Hydralisk  
  54  5:05  Hydralisk  
  54  5:06  Hydralisk  
  60  5:10  Drone x2  
  60  5:12  Drone  
  60  5:13  Drone  
  64  5:15  Drone  
  64  5:17  Drone  
  66  5:23  Hydralisk x2  
  70  5:29  Hydralisk x2  
  74  5:35  Overlord  
  74  5:38  Zergling x6  
  74  5:39  Zergling x2  
  78  5:43  Hydralisk  
  78  5:47  Hydralisk  
  82  5:50  Overlord  
  79  5:57  Hydralisk x3  
  79  5:58  Hydralisk  
  79  6:01  Zergling x2  
  79  6:02  Zergling x4  
  88  6:09  Drone x5  
  88  6:10  Drone  
  94  6:13  Lurker Den  
  94  6:18  Overlord  
  94  6:19  Overlord  
  94  6:25  Extractor  
  93  6:26  Drone x3  
  93  6:29  Extractor  
  95  6:38  Hydralisk x4  
  95  6:39  Hydralisk  
  105  6:43  Overlord  
  105  6:49  Drone  
  105  6:50  Drone x2  
  105  6:52  Overlord  
  108  6:54  Zergling x2  
  108  6:55  Zergling x8  
  113  7:01  Hydralisk  
  113  7:02  Hydralisk x2  
  119  7:11  Hydralisk x3, Overlord  
  119  7:12  Hydralisk  
  126  7:18  Zergling x2  
  126  7:19  Zergling x4  
  129  7:23  Overseer  
  125  7:39  Hydralisk  
  125  7:40  Hydralisk x6  
  133  7:53  Zergling x2  
  133  7:54  Zergling x8  
  133  7:55  Zergling x4  
  133  7:56  Overlord x3  
  138  8:00  Zerg Missile Weapons Level 2  
  138  8:03  Overlord x2  
  138  8:07  Overseer  
  138  8:15  Zergling x8  
  141  8:23  Hatchery  
  141  8:25  Zergling x8  
  142  8:30  Lurker x3  
  142  8:31  Lurker  
  142  8:32  Lurker x3  
  142  8:33  Lurker x3  
  148  8:42  Zergling x6  
  148  8:43  Zergling x12  
  156  8:54  Hydralisk x2  
  156  8:55  Hydralisk x3  
  166  8:58  Lurker x2  
  166  9:00  Zergling x2  
  169  9:14  Zergling x6  
  169  9:24  Overlord  
  169  9:25  Overlord x2  
  156  9:33  Hydralisk x8  
  169  9:41  Hydralisk x3  
  172  9:56  Zergling x8  
  172  9:57  Zergling x8  
  154  10:01  Hydralisk x2  
  138  10:08  Hydralisk x3  
  128  10:16  Hydralisk  
Show
View Real Time Build Order
Export as new Build Order

HuShang Protoss 

Build Orders: 1 Gate Expand 

Get SALT Encoding   

  12  0:01  Probe (Chrono Boost)  
  13  0:11  Probe (Chrono Boost)  
  14  0:22  Pylon  
  14  0:25  Probe (Chrono Boost)  
  15  0:40  Gateway, Probe (Chrono Boost)  
  16  0:50  Probe (Chrono Boost)  
  17  1:01  Probe (Chrono Boost)  
  18  1:11  Probe (Chrono Boost)  
  19  1:20  Nexus  
  19  1:24  Assimilator  
  19  1:27  Probe (Chrono Boost)  
  19  1:32  Assimilator  
  20  1:37  Probe (Chrono Boost)  
  21  1:49  Probe (Chrono Boost)  
  21  1:53  Cybernetics Core  
  22  1:57  Pylon  
  22  2:00  Probe (Chrono Boost)  
  24  2:15  Probe (Chrono Boost)  
  24  2:22  Forge  
  24  2:26  Probe (Chrono Boost)  
  24  2:29  Adept (Chrono Boost)  
  27  2:30  Probe (Chrono Boost)  
  27  2:33  Warp Gate  
  28  2:37  Probe  
  28  2:40  Probe  
  30  2:49  Probe (Chrono Boost)  
  31  2:51  Probe (Chrono Boost)  
  31  2:53  Sentry (Chrono Boost)  
  31  2:55  Protoss Ground Weapons Level 1 (Chrono Boost)  
  34  3:01  Probe (Chrono Boost)  
  34  3:03  Probe (Chrono Boost)  
  36  3:12  Probe (Chrono Boost)  
  37  3:14  Probe (Chrono Boost)  
  37  3:19  Sentry  
  40  3:22  Probe (Chrono Boost)  
  40  3:24  Probe (Chrono Boost)  
  40  3:26  Gateway  
  42  3:27  Gateway  
  42  3:33  Probe (Chrono Boost)  
  43  3:35  Probe (Chrono Boost)  
  43  3:38  Pylon  
  42  3:43  Probe (Chrono Boost)  
  42  3:44  Twilight Council  
  42  3:46  Probe (Chrono Boost)  
  44  3:54  Probe (Chrono Boost)  
  44  3:55  Pylon  
  45  3:57  Mothership Core (Chrono Boost)  
  45  4:01  Pylon  
  47  4:05  Probe (Chrono Boost), Blink  
  48  4:15  Probe x2 (Chrono Boost)  
  50  4:27  Probe x2  
  52  4:38  Adept x3  
  54  4:39  Nexus  
  54  4:40  Pylon, Probe x2  
  54  4:44  Pylon  
  60  4:48  Assimilator x2  
  60  4:53  Protoss Ground Weapons Level 2 (Chrono Boost), Phoenix  
  60  4:56  Probe x2  
  62  5:03  Adept x2  
  62  5:05  Adept  
  68  5:09  Probe  
  68  5:10  Photon Cannon  
  68  5:11  Probe  
  70  5:19  Gateway  
  70  5:23  Probe  
  70  5:26  Gateway  
  70  5:27  Gateway  
  71  5:28  Probe  
  71  5:35  Probe  
  73  5:41  Stalker x3  
  79  5:45  Probe  
  79  5:47  Probe  
  79  5:49  Pylon, Probe  
  82  5:57  Probe  
  82  5:59  Probe  
  82  6:00  Probe  
  81  6:06  Adept x3  
  81  6:09  Probe  
  81  6:10  Probe  
  86  6:11  Probe  
  86  6:15  Templar Archives  
  88  6:20  Resonating Glaives  
  88  6:21  Gateway, Probe  
  88  6:22  Gateway  
  88  6:25  Pylon, Probe  
  89  6:26  Pylon, Probe  
  89  6:29  Sentry x2  
  95  6:41  Stalker x4  
  103  6:53  Photon Cannon  
  103  6:54  Adept x2  
  105  6:55  Assimilator  
  105  6:57  Assimilator  
  105  7:00  Protoss Ground Weapons Level 3 (Chrono Boost)  
  107  7:10  Adept x4  
  115  7:24  Nexus  
  115  7:25  Photon Cannon, Pylon  
  115  7:27  Pylon  
  115  7:28  Pylon  
  115  7:29  Pylon  
  115  7:37  Pylon  
  109  7:49  Stalker x5  
  109  7:50  Stalker x3  
  109  8:11  Robotics Facility x2  
  109  8:13  Robotics Facility  
  105  8:21  Probe  
  105  8:22  Probe x2  
  108  8:27  Adept x8  
  122  8:34  Probe x2  
  122  8:50  Adept x8  
  138  9:01  Observer x3 (Chrono Boost)  
  139  9:14  Stalker x8  
  151  9:22  Immortal x2 (Chrono Boost)  
  148  9:43  Stalker x8  
  156  9:47  Immortal (Chrono Boost)  
  91  10:18  Adept x4  
  91  10:19  Adept x4  
  111  10:39  Adept x6  
Tags
 
Add a new tag
Caveats
  • Supply blocks, unpowered buildings, or Contaminate may cause inaccurate times.
  • Supply counts are checked every 10 seconds.